 Dungeon Crawl Stone Soup version 0.13-a0-2676-gd993d8a (webtiles) character file.

110 Rycklaryybbe the Cudgeler (level 3, 0/33 HPs)
             Began as a Minotaur Chaos Knight on Aug 12, 2013.
             Was a Plaything of Xom.
             Killed from afar by Sigmund (5 damage)
             ... with a wand of frost
             ... on Level 2 of the Dungeon.
             The game lasted 00:03:08 (913 turns).

Rycklaryybbe the Cudgeler (Minotaur Chaos Knight)    Turns: 913, Time: 00:03:08

HP   0/33        AC  6     Str 16      XL: 3   Next: 25%
MP   2/2         EV 10     Int  9      God: Xom
Gold 72          SH  0     Dex  7 (10) Spells:  0 memorised,  2 levels left

Res.Fire  : . . .   See Invis. : .   a - +0 mace (chaos)
Res.Cold  : . . .   Warding    : .   b - +2 leather armour
Life Prot.: . . .   Conserve   : .   (no shield)
Res.Poison: .       Res.Corr.  : .   (helmet restricted)
Res.Elec. : .       Clarity    : .   (no cloak)
Sust.Abil.: . .     Spirit.Shd : .   n - +0 pair of gloves
Res.Mut.  : .       Stasis     : .   (no boots)
Res.Rott. : .       Flight     : .   (no amulet)
Saprovore : . . .                    (no ring)
                                     (no ring)

@: not resistant to hostile enchantments, very unstealthy
A: retaliatory headbutt, horns 2, herbivore 1, +10% hp
a: Renounce Religion


You were on level 2 of the Dungeon.
You worshipped Xom.
You were a plaything of Xom.
You were not hungry.

You visited 1 branch of the dungeon, and saw 2 of its levels.

You collected 52 gold pieces.

Inventory:

Hand weapons
 a - a +0,+0 mace of chaos (weapon)
Armour
 b - a +2 leather armour (worn)
 n - a +0 pair of gloves (worn)
Comestibles
 c - a bread ration
 f - 13 strawberries
 j - a choko
 q - 2 rotting chunks of goblin flesh
 s - a rotting chunk of hobgoblin flesh
Scrolls
 i - 2 scrolls of identify {unknown}
 k - 3 scrolls of remove curse {unknown}
 o - a scroll of fear {unknown}
 p - 2 scrolls of amnesia {unknown}
 t - a scroll of curse jewellery {unknown}
Jewellery
 e - an uncursed ring of sustain abilities {unknown}
 l - an uncursed amulet of warding {unknown}
Books
 r - a book of Air

   Spells                             Type                      Level
   Shock                              Conjuration/Air              1
   Swiftness                          Charms/Air                   2
   Repel Missiles                     Charms/Air                   2
   Flight                             Charms/Air                   3
   Static Discharge                   Conjuration/Air              3
   Lightning Bolt                     Conjuration/Air              5


   Skills:
 - Level 3.6 Fighting
 + Level 5.3 Maces & Flails
 - Level 2.4 Armour
 - Level 1.1 Dodging


You had 2 spell levels left.
You didn't know any spells.

Dungeon Overview and Level Annotations

Branches:
Dungeon (2/27)

Altars:

Annotations
D:2 Sigmund


Innate Abilities, Weirdness & Mutations

You reflexively headbutt those who attack you in melee.
You have a pair of horns on your head.
You digest meat inefficiently.
You are robust (+10% HP).


Message History

You feel clumsy.
It was a potion of degeneration.
Xom thinks this is hilarious!
The goblin shoots a stone.
The stone hits you!
You hear some strange, mumbled words.
The puff of flame hits you!
Drink which item? (? for menu, Esc to quit)
You feel extremely strange.
You hunger for vegetation.
You feel robust.
It was a potion of mutation.
The goblin shoots a stone.
The stone misses you. The magic dart hits you!
The goblin shoots a stone.
The stone misses you. The magic dart hits you!
The goblin shoots a stone.
The stone misses you. It hits you.
* * * LOW HITPOINT WARNING * * *
The goblin shoots a stone.
The stone misses you.
You feel less confused.
You hear a zap.
The puff of frost hits you!
You die...
Xom yawns loudly!

.#### ####'####
#######.#
....#######.g.....#
####........
....##....'.......#
##...........
....##.####.......#
#..##........
....##.# #)......#
#.###........
....##.# #.......#
#.# #........
....#..#
#<.....(###.#
#........ ......##
#......{')..#
#........ ....###
#.....@.#####
#........ ....#
#....^..# #########
....# #.......#
##### ####'#### .#
#.{# .#### ##{#
....# #.....# .<..#
#.....# ....#
.'.....#


You could see a goblin.

Vanquished Creatures
  An adder (D:2)
  An ooze (D:2)
  4 bats
  6 hobgoblins
  2 jackals (D:2)
  2 kobolds (D:1)
  A giant cockroach (D:2)
  A giant newt (D:1)
  2 goblins (D:2)
  8 rats
28 creatures vanquished.

Vanquished Creatures (others)
  A jackal zombie (D:2)
1 creature vanquished.

Grand Total: 29 creatures vanquished

Notes
Turn   | Place    | Note
--------------------------------------------------------------
     0 | D:1      | Rycklaryybbe, the Minotaur Chaos Knight, began the quest for the Orb.
     0 | D:1      | Reached XP level 1. HP: 17/17 MP: 1/1
    29 | D:1      | XOM: harmless Chrm miscast
    53 | D:1      | Reached skill level 4 in Maces & Flails
    98 | D:1      | Reached XP level 2. HP: 21/24 MP: 1/1
   568 | D:2      | Reached skill level 5 in Maces & Flails
   688 | D:2      | Reached XP level 3. HP: 20/30 MP: 2/2
   812 | D:2      | XOM: harmless Pois miscast
   879 | D:2      | Noticed Sigmund
   909 | D:2      | Gained mutation: You digest meat inefficiently. [potion of mutation]
   909 | D:2      | Gained mutation: You are robust (+10% HP). [potion of mutation]
   913 | D:2      | Killed from afar by Sigmund

Action                   || total
-------------------------++-------
Melee: Mace              ||    54
  Use: Potion            ||     4
